 Dungeon Crawl Stone Soup version 0.31-a0-202-g547052bce9 (webtiles) character file.

Game seed: 5497441874442681586

84 qw the Shooter (level 4, 0/25 HPs)
             Began as a Deep Elf Hunter on June 25, 2023.
             Slain by a scorpion (2 damage)
             ... on level 3 of the Dungeon.
             The game lasted 00:00:35 (1972 turns).

qw the Shooter (Deep Elf Hunter)                    Turns: 1972, Time: 00:00:36

Health: 0/25       AC: 11    Str: 10    XL:     4   Next: 23%
Magic:  6/6        EV: 11    Int: 14    God:
Gold:   115        SH:  0    Dex: 18    Spells: 3/3 levels left

rFire   + . .        Y - +0 shortbow
rCold   . . .        (shield currently unavailable)
rNeg    . . .        c - +5 ring mail of the Eternal Void {rF+}
rPois   .            (no helmet)
rElec   .            f - +0 cloak
rCorr   .            (no gloves)
SInv    .            (no boots)
Will    .....        (no amulet)
Stlth   +            (no ring)
HPRegen 0.24/turn    (no ring)
MPRegen 0.10/turn

%: no passive effects
@: lethally poisoned (0 -> -5), about to teleport
A: no striking features
a: no special abilities


You were on level 3 of the Dungeon.
You visited 1 branch of the dungeon, and saw 3 of its levels.

You collected 115 gold pieces.


   Skills:
 - Level 1.5 Fighting
 + Level 7.6 Ranged Weapons
 - Level 2.4 Dodging
 - Level 1.2 Stealth


You had 3 spell levels left.
You didn't know any spells.
Your spell library was empty.

Inventory:

Hand Weapons
 Y - a +0 shortbow (weapon)
Armour
 c - the +5 ring mail of the Eternal Void (worn) {rF+}
   (You found it on level 2 of the Dungeon)

   rF:        It protects you from fire.
 f - a +0 cloak (worn)
Jewellery
 b - a +4 ring of protection
Scrolls
 k - a scroll of enchant armour {unknown}
Potions
 a - 2 potions of resistance
 d - a potion of attraction {unknown}
 e - a potion of degeneration {unknown}
 g - a potion of brilliance {unknown}
 i - a potion of curing {unknown}
 j - a potion of mutation {unknown}

Dungeon Overview and Level Annotations

Branches:
Dungeon (3/15)

Altars:

Shops:
D:1 :


Message History

You shoot an arrow. The arrow hits the hound!
You kill the hound!
You have reached level 4!
You feel clever.
You shoot an arrow. The arrow hits the scorpion.
The scorpion is severely wounded.
The scorpion closely misses you. The scorpion stings you.
You are poisoned.
The scorpion poisons you!
You shoot an arrow. The arrow barely misses the scorpion.
The arrow misses the adder.
You feel very sick. The scorpion closely misses you.
You shoot an arrow.
The arrow hits the scorpion but does no damage.
The scorpion is severely wounded.
You feel sick. The scorpion misses you. The scorpion stings you.
You shoot an arrow. The arrow hits the scorpion.
The scorpion is almost dead.
You feel sick. The scorpion closely misses you.
You shoot an arrow.
The arrow hits the scorpion but does no damage.
The scorpion is almost dead.
You feel sick. The scorpion stings you.
You are lethally poisoned!
The scorpion poisons you!
You shoot an arrow.
The arrow hits the scorpion but does no damage.
The scorpion is almost dead.
You feel very sick. The scorpion barely misses you.
The scorpion stings you but does no damage.
You shoot an arrow. The arrow barely misses the scorpion.
The arrow misses the adder.
You feel very sick. The scorpion closely misses you.
1972 ||| READING scroll of teleportation.
As you read the scroll of teleportation, it crumbles to dust.
You feel strangely unstable.
You feel sick. The scorpion stings you.
You die...

##.........#.###
#.).........
#...>..##### #
#......####
.###.###..........
......).......####
..................
........##..#....#
..........)@#....#
........###s# <#.#
......... #S. .
....#...# #.#.
.....###. #..##
.##. #%. ..=+ +##.


You could see a scorpion and an adder.

Vanquished Creatures
  A hound (D:3)
  A gnoll (D:3)
  3 ball pythons
  3 endoplasms (D:1)
  4 giant cockroaches
  3 hobgoblins
  A quokka (D:1)
  4 bats (D:1)
  3 frilled lizards
  4 goblins
  11 kobolds
  4 rats
42 creatures vanquished.

Notes
Turn   | Place    | Note
-------+----------+-------------------------------------------
     0 | D:1      | qw the Deep Elf Hunter began the quest for the Orb.
     0 | D:1      | Reached XP level 1. HP: 12/12 MP: 3/3
     0 | D:1      | 0 ||| qw: Version: 0.3-a-22-g0ed2b0b
     0 | D:1      | 0 ||| qw: Game counter: 5733
     0 | D:1      | 0 ||| qw: Melee chars always use a shield: true
     0 | D:1      | 0 ||| qw: God list: Okawaru
     0 | D:1      | 0 ||| qw: Allow faded altars: false
     0 | D:1      | 0 ||| qw: Do Orc after clearing Dungeon:15 true
     0 | D:1      | 0 ||| qw: Do second Lair branch before Depths: true
     0 | D:1      | 0 ||| qw: Lair rune preference: random
     0 | D:1      | 0 ||| qw: Goals: Normal
     0 | D:1      | 0 ||| PLANNING D:1-11
   157 | D:1      | Reached skill level 6 in Ranged Weapons
   157 | D:1      | Reached XP level 2. HP: 16/16 MP: 4/4
   389 | D:1      | Found a faded altar of an unknown god.
   794 | D:1      | Found Weupoefrou's Book Shop.
   799 | D:1      | 799 ||| UPGRADING to +0 cloak.
   804 | D:1      | 804 ||| UPGRADING to +0 ring mail.
   814 | D:1      | 814 ||| DROPPING +0 leather armour.
   815 | D:1      | 815 ||| READING scroll labelled SISE DOCIUH.
   816 | D:1      | 816 ||| READING scroll labelled WEIPEGUZYU.
   817 | D:1      | 817 ||| READING scroll labelled XOFOYKL DYOS GEK.
   818 | D:1      | 818 ||| DROPPING scroll of butterflies.
  1125 | D:2      | Reached XP level 3. HP: 20/20 MP: 5/5
  1312 | D:2      | Identified the +5 ring mail of the Eternal Void {rF+}
  1699 | D:2      | 1699 ||| UPGRADING to +5 ring mail of the Eternal Void
                  | {rF+}.
  1709 | D:2      | 1709 ||| DROPPING +0 ring mail.
  1710 | D:2      | 1710 ||| READING 2 scrolls labelled RYTUBREUZU.
  1711 | D:2      | 1711 ||| READING scroll labelled WAURYR GOFFI.
  1715 | D:2      | 1715 ||| DRINKING 3 sedimented purple potions.
  1716 | D:2      | 1716 ||| DROPPING scroll of fog.
  1940 | D:3      | Reached skill level 7 in Ranged Weapons
  1959 | D:3      | Noticed a scorpion
  1965 | D:3      | Reached XP level 4. HP: 25/25 MP: 6/6
  1971 | D:3      | HP: 4/25 [poisoned by a scorpion]
  1972 | D:3      | 1972 ||| READING scroll of teleportation.
  1972 | D:3      | Slain by a scorpion

Levels and vault maps discovered:
D:1:      ncdulo_lavacross, layout_basic, serial_shops,
          nicolae_shop_just_a_little_nook, ebering_ecumenical_altar_hall,
          chequers_decorated_corner
D:2:      layout_basic
D:3:      layout_basic, minmay_fractal_squares_diagonal_5

Skill      XL: |  1  2  3 |
---------------+----------+-----
Ranged Weapons | 6 7 |  7.6
Fighting       | |  1.5
Dodging        | |  2.4
Stealth        | |  1.2

Action                     |  1- 3 |  4- 6 || total
---------------------------+-------+-------++-------
   Fire: Shortbow          |   114 |     7 ||   121
    Use: Scroll            |     5 |     1 ||     6
         Potion            |     1 |       ||     1
 Armour: Leather armour    |     5 |       ||     5
         Ring mail         |     5 |     1 ||     6
  Dodge: Dodged            |    27 |     6 ||    33

Table legend:
 A = Non-vault XP
 B = Vault XP
 C = Vault XP percentage of total XP
 D = Non-vault monster count
 E = Vault monster count
 F = Vault count percentage of total count
                 A         B        C        D         E       F
            +---------+---------+-------+---------+---------+-------
      Total |      61 |      59 |  49.2 |      39 |       3 |   7.1
            +---------+---------+-------+---------+---------+-------
        D:1 |      28 |       0 |   0.0 |      19 |       0 |   0.0
        D:2 |      19 |       0 |   0.0 |      12 |       0 |   0.0
        D:3 |      14 |      59 |  80.8 |       8 |       3 |  27.3
            +---------+---------+-------+---------+---------+-------
